 Dungeon Crawl Stone Soup version 0.18-a0-1350-g404b4cb (webtiles) character file.

90 Duffy the Conjurer (level 4, -1/24 HPs)
             Began as a Deep Elf Conjurer on Feb 18, 2016.
             Slain by an iguana (11 damage)
             ... on level 3 of the Dungeon.
             The game lasted 00:02:30 (2772 turns).

Duffy the Conjurer (Deep Elf Conjurer)              Turns: 2772, Time: 00:02:31

Health: -1/24      AC:  2    Str:  5    XL:     4   Next: 32%
Magic:  0/12       EV: 13    Int: 21    God:
Gold:   156        SH:  4    Dex: 15    Spells: 2 memorised, 9 levels left

rFire  . . .     SeeInvis .     (no weapon)
rCold  . . .     Gourm    .     a - +0 robe
rNeg   . . .     Faith    .     (no shield)
rPois  .         Spirit   .     (no helmet)
rElec  .         Dismiss  .     (no cloak)
rCorr  .         Reflect  +     (no gloves)
SustAt .         Harm     .     (no boots)
MR     .....                    q - +4 amulet of reflection
Stlth  ++........               (no ring)
                                (no ring)

@: not resistant to hostile enchantments, unstealthy
A: no striking features
a: no special abilities


You were on level 3 of the Dungeon.
You were not hungry.

You visited 1 branch of the dungeon, and saw 3 of its levels.

You collected 156 gold pieces.


   Skills:
 - Level 2.4 Dodging
 - Level 2.4 Stealth
 + Level 4.8 Spellcasting
 + Level 5.5 Conjurations


You had 9 spell levels left.
You knew the following spells:

 Your Spells              Type           Power        Failure   Level  Hunger
a - Magic Dart            Conj           ####         1%          1    None
s - Searing Ray           Conj           ####..       1%          2    None

Inventory:

Armour
 a - a +0 robe (worn)
Jewellery
 q - a +4 amulet of reflection (around neck)
Scrolls
 d - 4 scrolls of identify {unknown}
 g - a scroll of teleportation {unknown}
 k - 2 scrolls of immolation {unknown}
 l - 2 scrolls of recharging {unknown}
 r - a scroll of enchant armour {unknown}
Potions
 e - 2 potions of curing {unknown}
 h - 2 potions of agility {unknown}
 i - a potion of berserk rage {unknown}
 m - a potion of invisibility {unknown}
 n - a potion of cure mutation {unknown}
 o - a potion of haste {unknown}
 p - a potion of degeneration {unknown}
 s - a potion of cancellation {unknown}
Books
 b - a book of Conjurations
Comestibles
 c - 2 bread rations
 f - 6 fruits

Dungeon Overview and Level Annotations

Branches:
Dungeon (3/15)

Altars:
Okawaru
Sif Muna


Message History

Aiming: Magic Dart
Press: ? - help, Shift-Dir - straight line, f/p - iguana
Aim: an iguana (severely wounded)
The magic dart hits the iguana.
The iguana is severely wounded.
The iguana bites you!
Cast which spell? (? or * to list)
Aiming: Magic Dart
Press: ? - help, Shift-Dir - straight line, f/p - iguana
Aim: an iguana (severely wounded)
The magic dart hits the iguana.
The iguana is severely wounded.
The iguana bites you but does no damage.
Cast which spell? (? or * to list)
Aiming: Magic Dart
Press: ? - help, Shift-Dir - straight line, f/p - iguana
Aim: an iguana (severely wounded)
The magic dart hits the iguana.
The iguana is severely wounded.
You block the iguana's attack.
Cast which spell? (? or * to list)
Aiming: Magic Dart
Press: ? - help, Shift-Dir - straight line, f/p - iguana
Aim: an iguana (severely wounded)
The magic dart hits the iguana.
The iguana is severely wounded.
The iguana bites you but does no damage.
Cast which spell? (? or * to list)
Aiming: Magic Dart
Press: ? - help, Shift-Dir - straight line, f/p - iguana
Aim: an iguana (severely wounded)
The magic dart hits the iguana.
The iguana is severely wounded.
The iguana bites you!
You die...

######## .......#
.......# ### .......#
..# #### .......####
#.###....
##.###....#.####.#....
...# #.##.#.)..l...#
.#####.#..######@..#
..........#........#..
.......................
.#%.......#.##.##.##..).
.#.#......#.#...#..# ##.
.#.#......#.###.#..#
.#.#....###.#...#..#
..........#.#......##
##....#.#.#.#####...#


You could see an iguana.

Action                   |  1- 3 |  4- 6 || total
-------------------------+-------+-------++-------
 Cast: Magic Dart        |    85 |    44 ||   129
  Eat: Chunk             |     3 |     1 ||     4
       Pizza             |     1 |       ||     1

Notes
Turn   | Place    | Note
--------------------------------------------------------------
     0 | D:1      | Duffy the Deep Elf Conjurer began the quest for the Orb.
     0 | D:1      | Reached XP level 1. HP: 10/10 MP: 6/6
   193 | D:2      | Reached XP level 2. HP: 15/15 MP: 6/8
   439 | D:2      | Found an iron altar of Okawaru.
   666 | D:2      | Reached skill level 4 in Spellcasting
   670 | D:2      | Learned a level 2 spell: Searing Ray
   746 | D:1      | Reached XP level 3. HP: 19/19 MP: 8/10
  1255 | D:1      | Reached skill level 5 in Conjurations
  1733 | D:2      | Found a deep blue altar of Sif Muna.
  2382 | D:3      | Reached XP level 4. HP: 24/24 MP: 10/12
  2772 | D:3      | Slain by an iguana

Vault maps used:
D:1:      minmay_arrival_shattered_statue, minmay_misc_feat_four_crosses,
          serial_bayou_crossing
D:2:      marbit_many_paths, kennysheep_okawaru_gauntlet

Vanquished Creatures
  An adder
  2 worms
  A giant gecko
  6 orcs
  3 giant cockroaches
  11 goblins
  10 hobgoblins
  4 jackals
  9 kobolds
  A ball python
  5 bats
  4 giant newts
  4 rats
61 creatures vanquished.
